Unix NetHack Version 5.0.0-0 post-release - last build Jun 10 2026 00:39:30 (3ee93aec679c4c4259841fe613dc97188e26a321,branch:main).

Game began 2026-06-23 14:01:31, ended 2026-06-23 14:23:13.

DiePARTEI, neutral female human Tourist

               ---
                ..---
                 ....
                  ....
                  -...                                          ---
                  |....                                        --..--
                  |.....                                       |...<|
                   ......                                      | --.|
                     ....                                         |.|
                      -...---                                     |.|
                      |.....|                                     |.-----
                      -..G.@|                                     |...[)|
                 ......  -GG-                                     -----$|
            -......      ...                                          |.|
          |....        ......                                         |.---
          ----        .......                                         |...|
                     ..--.....                                        --..|
                    --- ----.-                                         ----
                            --
DiePARTEI the Sightseer     St:10 Dx:14 Co:18 In:11 Wi:10 Ch:14  Neutral
Dlvl:6  $:0  HP:0(48) Pw:16(16) AC:1  Xp:4 T:2465  Burdened

Latest messages:
 It misses the large cat.
 The large cat bites the gnome lord.
 The gnome lord is killed!
 The large cat picks up a crossbow.
 You see here 8 crossbow bolts.
 The large cat drops a crossbow.
 You see here a crossbow.
 You hear crashing rock.
 You swap places with your large cat.
 You see here a crossbow.
 The dwarf swings his broad pick.
 The dwarf misses!
 You begin bashing monsters with your bare hands.
 You hit the dwarf.
 The dwarf swings his broad pick.
 The dwarf misses!
 You stop.  Your large cat is in the way!
 The hobbit wields a runed dagger!
 The dwarf swings his broad pick.
 The dwarf hits!
 The dwarf swings his broad pick.
 The dwarf misses!
 You swap places with your large cat.
 The large cat picks up a crossbow.
 The large cat bites it.
 You don't know any spells right now.
 What do you want to drop? [$a-gi-zBCEH-LN-RTUX-Z or ?*] $
 You drop 683 gold pieces.
 The large cat drops a crossbow.
 What do you want to read? [ijortvyCR or ?*] ?
 You feel a wrenching sensation.
 You materialize in a different location!
 You hear some noises in the distance.
 The gnome hits!
 The gnome hits!
 The gnome hits!
 The gnome lord hits!
 The gnome lord hits!
 The gnome lord hits!
 The gnome lord hits!
 The gnome hits!
 The gnome lord hits!
 The gnome hits!
 The gnome lord hits!
 You die...
 Do you want your possessions identified? [ynq] (y) y
 Do you want to see your attributes? [ynq] (y) y
 Do you want an account of creatures vanquished? [ynaq] (y) y
 Do you want to see your conduct and achievements? [ynq] (y) y
 Do you want to see the dungeon overview? [ynq] (y) y

Inventory:
 Weapons  (')')
  w - 58 +0 arrows
  Z - 7 +0 crossbow bolts
  a - 14 +2 darts (at the ready)
  I - 10 +0 darts
  P - a cursed -1 elven dagger
  N - a blessed +2 orcish dagger
  J - a +0 orcish dagger
  e - a +0 scimitar
 Armor    ('[')
  x - an uncursed +0 orcish helm (being worn)
  T - an uncursed +1 pair of kicking boots (being worn)
  X - an uncursed +1 dwarvish cloak (being worn)
  k - an uncursed +0 Hawaiian shirt with a toucan motif (being worn)
  n - an uncursed rusty +0 splint mail (being worn)
 Comestibles  ('%')
  b - an uncursed slime mold
  B - a cursed slime mold
  f - an uncursed banana
  g - 3 uncursed food rations
  L - an uncursed lembas wafer
  K - an uncursed melon
  d - 4 uncursed tripe rations
  c - an uncursed egg
 Scrolls  ('?')
  t - an uncursed scroll of enchant weapon
  y - an uncursed scroll of fire
  R - an uncursed scroll of identify
  j - a blessed scroll of magic mapping
  i - 3 uncursed scrolls of magic mapping
  o - an uncursed scroll of remove curse
  C - an uncursed scroll of taming
  r - an uncursed scroll of teleportation
 Spellbooks  ('+')
  v - an uncursed spellbook of teleport away
 Potions  ('!')
  Q - a blessed potion of confusion
  u - an uncursed potion of hallucination
  q - an uncursed potion of speed
  O - a potion of unholy water
 Rings    ('=')
  E - a cursed ring of teleportation
 Tools    ('(')
  m - an uncursed credit card
  l - an expensive camera (0:89)
  H - an uncursed oil lamp (lit)
  U - a +0 pick-axe (alternate weapon; not wielded)
  p - an uncursed skeleton key
 Gems/Stones  ('*')
  Y - an uncursed amber stone
  s - an uncursed worthless piece of yellow glass
  z - an uncursed worthless piece of yellowish brown glass

DiePARTEI the Tourist's attributes:

Background:
 You were a Sightseer, a level 4 female human Tourist.
 You were neutral, on a mission for The Lady
 who was opposed by Blind Io (lawful) and Offler (chaotic).
 You were right-handed.
 You were in the Gnomish Mines, on level 6.
 You entered the dungeon 2465 turns ago.
 You had 118 experience points, 42 more were needed to attain level 5.

Basics:
 You had 0 out of 48 hit points.
 You had all 16 energy points (spell power).
 Your armor class was 1.
 Your wallet was empty.
 Autopickup was off.

Final Characteristics:
 Your strength was 10 (limit:18/100).
 Your dexterity was 14 (limit:18).
 Your constitution was 18 (limit:18).
 Your intelligence was 11 (limit:18).
 Your wisdom was 10 (limit:18).
 Your charisma was 14 (limit:18).

Final Status:
 You weren't hungry.
 You were burdened; movement was slightly slowed.
 You were bare handed.
 You were unskilled in bare handed combat.

Final Attributes:
 You were devoutly aligned.
 Your items were somewhat protected from fire.
 Your items were somewhat protected from cold.
 You were warded.
 You are dead.

Miscellaneous:
 You didn't encounter any bones levels.
 Total elapsed playing time was 21 minutes and 40 seconds.

Major events:
 Turn
    1: DiePARTEI the neutral female human Tourist entered the dungeon
 1413: attained the rank of Sightseer (level 3)
 1845: entered the Gnomish Mines
 2465: killed by a gnome lord, while reading a book

You didn't know any spells.

Skills:
 Fighting Skills
   bare handed combat [Unskilled]
   two weapon combat  [Unskilled]
   riding             [Unskilled]
 Weapon Skills
   dagger             [Unskilled]
   knife              [Unskilled]
   axe                [Unskilled]
   pick-axe           [Unskilled]
   short sword        [Unskilled]
   broadsword         [Unskilled]
   long sword         [Unskilled]
   two-handed sword   [Unskilled]
   saber              [Unskilled]
   mace               [Unskilled]
   morning star       [Unskilled]
   flail              [Unskilled]
   hammer             [Unskilled]
   quarterstaff       [Unskilled]
   polearms           [Unskilled]
   spear              [Unskilled]
   trident            [Unskilled]
   lance              [Unskilled]
   bow                [Unskilled]
   sling              [Unskilled]
   crossbow           [Unskilled]
   dart               [Basic]
   shuriken           [Unskilled]
   boomerang          [Unskilled]
   whip               [Unskilled]
   unicorn horn       [Unskilled]
 Spellcasting Skills
   divination spells  [Unskilled]
   enchantment spells [Unskilled]
   escape spells      [Unskilled]

Voluntary challenges:
 Character rerolling was not enabled.
 You never hit with a wielded weapon.
 You never genocided any monsters.
 You never polymorphed an object.
 You never changed form.
 You used no wishes.
Achievements:
 You entered a shop.
 You attained the rank of Sightseer.
 You entered the Gnomish Mines.

 The Dungeons of Doom: levels 1 to 4
    Level 1:
       Many fountains, a grave.
    Level 2:
       A general store, many fountains, a sink.
    Level 3:
       A grave.
    Level 4:
       Some fountains.
       Stairs down to The Gnomish Mines.
 The Gnomish Mines: levels 5 to 6
    Level 5:
    Level 6: <- You were here.
       Final resting place for
          you, killed by a gnome lord, while reading a book.


Vanquished creatures:
  2 gnome leaders
  a gnomish wizard
  a floating eye
  3 dwarves
  a kobold leader
  2 hill orcs
  2 giant bats
  a dwarf zombie
  2 iguanas
  2 acid blobs
  2 coyotes
  3 hobbits
  a large kobold
  2 hobgoblins
  2 cave spiders
  a brown mold
  a red mold
  6 gnomes
  a garter snake
  a gnome zombie
  2 geckos
  5 jackals
  2 kobolds
  a goblin
  a sewer rat
  2 grid bugs
  2 bats
  3 lichens
  6 newts
61 creatures vanquished.

No species were genocided or became extinct.

Game over:
                       ----------
                      /          \
                     /    REST    \
                    /      IN      \
                   /     PEACE      \
                  /                  \
                  |    DiePARTEI     |
                  |       0 Au       |
                  |   killed by a    |
                  |    gnome lord    |
                  |                  |
                  |                  |
                  |       2026       |
                 *|     *  *  *      | *
        _________)/\\_//(\/(/\)/\//\/|_)_______

Aloha DiePARTEI the Tourist...

You died in The Gnomish Mines on dungeon level 6 with 742 points,
and 0 pieces of gold, after 2465 moves.
You were level 4 with a maximum of 48 hit points when you died.

